[Event "*** Titled Tuesday Blitz"]
[Site "Chess.com"]
[Date "2020.04.21"]
[Round "4"]
[White "Yurovskykh_Oleksandr"]
[Black "fugadelafuga"]
[Result "1-0"]
[WhiteElo "2624"]
[BlackElo "2398"]
[TimeControl "180+1"]
[EndTime "10:41:12 PDT"]
[Termination "Yurovskykh_Oleksandr won by resignation"]

1. d4 Nf6 2. Nf3 e6 3. Bf4 d5 4. e3 c5 5. c3 Nc6 6. Nbd2 Bd6 7.
Bg3 O-O 8. Bb5 Ne7 9. Bd3 b6 10.
Qe2 Bb7 11. e4 dxe4 12. Nxe4 Nxe4 13. Bxe4 Bxe4 14. Qxe4 cxd4 15. Rd1 Nf5 16. Nxd4 Bxg3 17. hxg3 g6 18. g4 Nxd4 19. Rxd4 Qf6 20. O-O Rad8 21.
Rfd1 Rxd4 22. Qxd4 Qg5 23. g3 e5 24. Qd7 a6 25. Kg2 b5 26. b3 e4 27. c4 bxc4 28. bxc4 Qf6 29. Qd4 Qf3+ 30. Kg1 e3 31. fxe3 Qxg3+ 32. Kf1 Qf3+ 33. Ke1 Re8 34. Kd2 Qf2+ 35.
Kc3 Rxe3+ 36. Rd3 Rxd3+ 37. Qxd3 Qf6+ 38. Kb3 Qb6+ 39. Ka4 Qc6+ 40. Ka5 h6 41. Qd8+ Kg7 42. Qd4+ Kg8 43. a4 Kh7 44. c5 h5 45. gxh5 gxh5 46. Qd6 Qe4 47. c6 h4 48. c7 Qf5+ 49.
Kxa6 h3 50. Qc6 Qc8+ 51. Qb7 Qxb7+ 52. Kxb7 h2 53. c8=Q h1=Q+ 54. Qc6 Qxc6+ 55. Kxc6 f5 56. Kd5 Kg6 57. Kd4 Kg5 58. a5 Kg4 59. a6 f4 60.
a7 f3 61. a8=Q f2 62. Qg2+ 1-0

[Event "*** Titled Tuesday Blitz"]
[Site "Chess.com"]
[Date "2020.04.21"]
[Round "4"]
[White "Boundless_Strike"]
[Black "2165149677570"]
[Result "1-0"]
[WhiteElo "2611"]
[BlackElo "2334"]
[TimeControl "180+1"]
[EndTime "10:41:12 PDT"]
[Termination "Boundless_Strike won by resignation"]

1. d4 Nf6 2. Nf3 b6 3. e3 Bb7 4.
Bd3 e6 5. O-O c5 6. c4 cxd4 7.
exd4 Be7 8. Nc3 O-O 9. d5 Na6 10.
Bf4 exd5 11. cxd5 Bc5 12. a3 Rc8 13. Rc1 Re8 14. b4 Bf8 15. Qa4 Nc7 16. Qxa7 Ncxd5 17. Bg5 Ba8 18. Nxd5 Bxd5 19. Nd4 Ra8 20. Qc7 Rxa3 21. Bb5 Qxc7 22. Rxc7 Ne4 23. Be3 Bd6 24. Rxd7 Rc8 25.
Nf5 Be6 26. Rxd6 Bxf5 27. Rxb6 Rb3 28. Ba6 Rd8 29. b5 Nc3 30. h3 Bd3 31. Ra1 Bxb5 32. Ra5 Rb1+ 33. Kh2 Be8 34. Rxb1 Nxb1 35. Bb6 Rb8 36.
Bc7 Ra8 37. Re5 Nc3 38. Bb7 f6 39. Re3 Nd1 40. Bxa8 Nxe3 41. fxe3 Bg6 42. Kg3 Bd3 43. Kf4 g6 44. Bd5+ Kg7 45. Bb6 Bc2 46.
Bd4 Bf5 47. e4 Bc8 48. e5 fxe5+ 49. Bxe5+ Kh6 50. h4 Bf5 51. g4 Bc8 52. g5+ Kh5 53. Kg3 Bg4 54. Bf4 Bd1 55. Bg8 Be2 56. Bxh7 Bd1 57. Bg8 Be2 58. Be6 Bd1 59. Bc4 Bg4 60.
Bb3 Be2 61. Kf2 Bg4 62. Bg3 Bf5 63. Ke3 Bg4 64. Be1 Bf5 65. Kf4 Bg4 66. Ke5 Be2 67. Kf6 Bg4 68. Bc2 Bf5 69. Bxf5 1-0

[Event "*** Titled Tuesday Blitz"]
[Site "Chess.com"]
[Date "2020.04.21"]
[Round "4"]
[White "Algeriano22"]
[Black "FranciscodelaF"]
[Result "1-0"]
[WhiteElo "2630"]
[BlackElo "2420"]
[TimeControl "180+1"]
[EndTime "10:41:13 PDT"]
[Termination "Algeriano22 won on time"]

1. e4 e6 2. d3 d5 3. Qe2 dxe4 4. dxe4 e5 5. Nf3 Bd6 6. g3 Ne7 7. Bg2 O-O 8. O-O f6 9. Nbd2 Be6 10. Nc4 Nec6 11.
c3 Be7 12. Nh4 Nd7 13. Nf5 g6 14. Nfe3 Nb6 15. Rd1 Qe8 16. Nd5 Rc8 17. Nce3 Qf7 18. a4 f5 19. a5 Nd7 20. a6 b6 21. Qb5 Ncb8 22. Nxe7+ Qxe7 23. Nd5 Qf7 24. Bh6 c6 25. Qe2 Rfe8 26. Bg5 Kg7 27. Ne3 f4 28. Ng4 Bxg4 29. Qxg4 h6 30. Bh3 Rc7 31. Rd6 hxg5 32. Qxg5 Nf6 33. Bf5 Rce7 34. Rad1 Nbd7 35. h4 Kh7 36. Bxd7 Nxd7 37. h5 Nf6 38. h6 Ng8 39. Kg2 Re6 40. Rd7 R8e7 41. Rd8 Qf6 42. Qg4 g5 43. Rb8 Nxh6 44. Rh1 Re8 45. Rb7+ R8e7 46.
Rh5 Kg7 47. Rxg5+ Kh7 48. Qh5 Qf7 49. Qh3 Rg6 50. Rf5 Qg7 51. Rxe7 Qxe7 52. Qh5 fxg3 53. fxg3 Qg7 54. Rf3 Rg5 55. Qh3 Rg4 56. Qh5 Rg5 57. Qh3 Rg6 58. Qc8 1-0

[Event "*** Titled Tuesday Blitz"]
[Site "Chess.com"]
[Date "2020.04.21"]
[Round "4"]
[White "EnergeticHay"]
[Black "WonderChampion"]
[Result "1-0"]
[WhiteElo "2209"]
[BlackElo "1780"]
[TimeControl "180+1"]
[EndTime "10:41:14 PDT"]
[Termination "EnergeticHay won by checkmate"]

1. e4 c5 2. Nf3 g6 3. d4 cxd4 4. Nxd4 Nc6 5. c4 Nf6 6. Nc3 Nxd4 7. Qxd4 d6 8. Be2 Bg7 9. Be3 O-O 10. Qd2 a5 11. f3 Be6 12. Rc1 a4 13. Kf2 Qa5 14.
Nd5 Qxd2 15. Bxd2 Bxd5 16. cxd5 Rfc8 17. Rxc8+ Rxc8 18. Rc1 Rxc1 19. Bxc1 Nd7 20. Bb5 Nb6 21. Be3 Na8 22. Bxa4 Bxb2 23. Ke2 Nc7 24. Bb6 Na6 25.
Kd2 Bg7 26. Kd3 Nb4+ 27. Kc4 Na6 28. Bd7 Nb8 29. Bc8 Kf8 30. Bxb7 Ke8 31. a4 Kd7 32. a5 e6 33. a6 Nxa6 34. Bxa6 Be5 35. g3 f5 36. Bb5+ Ke7 37. dxe6 Kxe6 38. Kd3 fxe4+ 39. Kxe4 d5+ 40. Ke3 Bf6 41. Bd4 Be7 42. Ba4 Kf5 43. Bb3 Ke6 44. Kf4 Bd6+ 45. Kg4 h6 46. Bg7 h5+ 47. Kg5 Kf7 48. Bd4 Ke6 49.
Kxg6 h4 50. gxh4 Bxh2 51. h5 Bf4 52. h6 Bxh6 53. Kxh6 Kf5 54. Bxd5 Kf4 55. Be4 Kg3 56. Kg5 Kg2 57. f4+ Kf1 58. f5 Ke1 59. Bc3+ Kd1 60. Bc2+ Kc1 61. f6 Kxc2 62. f7 Kxc3 63. f8=Q Kd2 64.
Qe7 Kd3 65. Qe6 Kc3 66. Kf5 Kc2 67. Qe5 Kb3 68. Qe4 Kb2 69. Kf4 Ka3 70. Qd5 Kb2 71. Qc6 Kb3 72. Ke4 Kb4 73. Kd4 Kb3 74. Qc5 Kb2 75. Qc4 Ka3 76. Qb5 Ka2 77. Qb4 Ka1 78. Kd3 Ka2 79. Kc2 Ka1 80. Qb2# 1-0

[Event "*** Titled Tuesday Blitz"]
[Site "Chess.com"]
[Date "2020.04.21"]
[Round "4"]
[White "DraskovicL"]
[Black "S2PAc"]
[Result "1/2-1/2"]
[WhiteElo "2571"]
[BlackElo "2784"]
[TimeControl "180+1"]
[EndTime "10:41:15 PDT"]
[Termination "Game drawn - insufficient material"]

1. c4 Nf6 2. Nc3 e6 3. e4 c5 4. e5 Ng8 5. Nf3 Nc6 6. d4 cxd4 7. Nxd4 Nxe5 8. Ndb5 d6 9. Be2 a6 10. Nd4 Nf6 11. O-O Be7 12. f4 Nc6 13. Be3 O-O 14. Qd2 Bd7 15. Rad1 Rc8 16. b3 Qa5 17. Nxc6 Bxc6 18.
Nd5 Qd8 19. Nxe7+ Qxe7 20. Qxd6 Qxd6 21. Rxd6 Rfd8 22. Rfd1 Rxd6 23. Rxd6 Kf8 24. g4 Ne4 25. Rd3 Ke7 26. Bf3 Nf6 27. Bxc6 Rxc6 28. h3 h5 29. Bd4 hxg4 30. Bxf6+ gxf6 31. hxg4 b5 32. cxb5 axb5 33. Rd2 Rd6 34. Rf2 Rd4 35. Kg2 e5 36. Kg3 Ke6 37. fxe5 fxe5 38. g5 Rd3+ 39. Kg4 Rd4+ 40.
Kg3 Rd7 41. Rf6+ Kd5 42. Kf3 Ra7 43. Rb6 Kc5 44. Rf6 Kd5 45. Rb6 Rxa2 46. Rxb5+ Kd4 47.
Rb7 e4+ 48. Kg3 Rb2 49. Rxf7 Rxb3+ 50. Kg4 e3 51. g6 e2 52. Rd7+ Ke3 53. Re7+ Kf2 54.
Rxe2+ Kxe2 55. g7 Kf2 56. Kh5 Rg3 57. Kh6 Kf3 58. Kh7 Rh3+ 59. Kg6 Rg3+ 60. Kh7 Kf4 61. g8=Q Rxg8 62. Kxg8 1/2-1/2

[Event "*** Titled Tuesday Blitz"]
[Site "Chess.com"]
[Date "2020.04.21"]
[Round "4"]
[White "Igor_Lysyj"]
[Black "Harut-1998"]
[Result "1/2-1/2"]
[WhiteElo "2801"]
[BlackElo "2627"]
[TimeControl "180+1"]
[EndTime "10:41:15 PDT"]
[Termination "Game drawn by repetition"]

1. d4 Nf6 2. c4 e6 3. Nf3 d5 4. e3 b6 5. cxd5 exd5 6. Nc3 Bd6 7. Nb5 Be7 8. Qc2 c5 9. Be2 O-O 10. O-O Nc6 11. dxc5 bxc5 12. Rd1 Be6 13. a3 Qd7 14. Bd2 Bf5 15. Qc1 Rab8 16. Be1 Rb7 17. Nc3 Rfb8 18. Na4 Qd6 19. Ba6 Rd7 20. Be2 Rdb7 21. Bc3 Ne4 22. Be1 Bf6 23. Ra2 h6 24.
Nd2 Nxd2 25. Bxd2 c4 26. Bc3 Ne5 27. Bb4 Qc6 28. Nc3 Nd3 29. Bxd3 Bxd3 30. Rd2 d4 31. exd4 Bg5 32. d5 Qb6 33. Na4 Qd4 34.
Nc3 Qf4 35. Na4 Qd4 36. Nc3 Qf4 37. Nd1 Rxb4 38. axb4 Qxd2 39. Qxd2 Bxd2 40. Rxa7 Bxb4 41.
h4 Rd8 42. Rb7 Bc5 43. Nc3 Bd4 44. Rb5 Bxc3 45. bxc3 h5 46. f3 g6 47. Kf2 Kg7 48.
Ke3 Kf6 49. Kd4 Re8 50. Rb6+ Ke7 51. Kc5 Rc8+ 52. Kd4 Rd8 53. Kc5 Rc8+ 54. Kd4 Bf5 55. Ke5 Bd7 56. Rb7 Rc5 57. Kd4 Rc8 58. Ke5 f6+ 59.
Kd4 Kd6 60. Rb6+ Ke7 61. Rb7 Kd6 62. Rb6+ Ke7 63. Rb7 1/2-1/2

[Event "*** Titled Tuesday Blitz"]
[Site "Chess.com"]
[Date "2020.04.21"]
[Round "4"]
[White "jsdbv18"]
[Black "Izoria123"]
[Result "1/2-1/2"]
[WhiteElo "2554"]
[BlackElo "2782"]
[TimeControl "180+1"]
[EndTime "10:41:15 PDT"]
[Termination "Game drawn by repetition"]

1. e4 Nc6 2. Nf3 d6 3. d4 Nf6 4. Nc3 g6 5. Be2 Bg7 6. O-O O-O 7. d5 Nb8 8. a4 e5 9. dxe6 Bxe6 10. Nd4 Bd7 11. f4 Nc6 12. Be3 Re8 13. Bf3 Nb4 14.
Re1 a6 15. Qd2 c5 16. Nde2 Bc6 17. Ng3 Qc7 18. Nd5 Nbxd5 19. exd5 Bd7 20. c3 Ng4 21. Bxg4 Bxg4 22. a5 h5 23. h3 Bd7 24. Nf1 Re4 25. Ng3 Re7 26. Bf2 Rxe1+ 27. Bxe1 Re8 28. Bf2 Bb5 29. h4 Qd8 30. Re1 Qxa5 31. Rxe8+ Bxe8 32. f5 Qd8 33. fxg6 fxg6 34. Ne4 Qe7 35. Ng5 Bd7 36. b4 cxb4 37. cxb4 Bf5 38. Bb6 Qe5 39. Nf3 Qe4 40. Bc7 Bg4 41. Ng5 Qd4+ 42. Qxd4 Bxd4+ 43. Kf1 Be5 44.
Ne4 Bf5 45. Nxd6 Bd3+ 46. Kf2 Bd4+ 47. Kf3 Bc3 48. Nxb7 Bxb4 49. d6 Bb5 50. Ke4 Bc6+ 51. Ke5 Kf7 52. Na5 Bc3+ 53. Kf4 Bxa5 54. Bxa5 Ke6 55.
Bb4 Bxg2 56. Kg5 Be4 57. Kf4 Bf5 58. Ke3 Kd5 59. Kf4 Kc4 60. Ba5 Kc5 61. Ke5 Kc6 62.
Bd2 Kb6 63. Kf6 Kc6 64. Ke7 Bh3 65. Bc3 Bg4 66. Bd4 Bf5 67. Bc3 Bg4 68. Bd2 Bh3 69.
Bc3 Bf5 70. Ba5 Kb5 71. Be1 Kc6 72. Bc3 Bg4 1/2-1/2

[Event "*** Titled Tuesday Blitz"]
[Site "Chess.com"]
[Date "2020.04.21"]
[Round "4"]
[White "stoleriu"]
[Black "SketchyMoves"]
[Result "0-1"]
[WhiteElo "2497"]
[BlackElo "2676"]
[TimeControl "180+1"]
[EndTime "10:41:15 PDT"]
[Termination "SketchyMoves won by resignation"]

1. e4 c6 2. Nf3 d5 3. exd5 cxd5 4. Ne5 Nc6 5. d4 Bf5 6. Bb5 Qb6 7. Nc3 e6 8. g4 Be4 9. f3 Bg6 10. h4 f6 11. h5 Bf7 12. Nxf7 Kxf7 13. Bxc6 bxc6 14. Na4 Qc7 15. Kf2 Bd6 16. Kg2 Ne7 17. Qd3 c5 18. dxc5 Bxc5 19. Nxc5 Qxc5 20. Be3 Qc7 21. c3 Rab8 22.
b3 Nc6 23. Rac1 Qa5 24. Qe2 Rhe8 25. Rhd1 Rbd8 26. Rd2 e5 27. Bf2 Kg8 28. Rcd1 e4 29.
b4 Qa3 30. Rxd5 Rxd5 31. Rxd5 Qxc3 32. fxe4 Qxb4 33. Rc5 Ne5 34. Qc2 Nxg4 35. Qc4+ Qxc4 36. Rxc4 Nxf2 37. Kxf2 Re7 38. Kf3 Kf7 39. Kf4 Rb7 40.
a4 g6 41. hxg6+ hxg6 42. Rc6 Kg7 43. a5 Rd7 44. a6 Re7 45. Kf3 g5 46. Rd6 Kg6 47. Rc6 g4+ 48. Kxg4 Rxe4+ 49. Kf3 Ra4 50. Ke3 Kg5 51. Kf3 f5 52. Kf2 Ra3 53. Ke2 Kg4 54.
Kf2 f4 55. Kf1 Kf3 56. Ke1 Ra1+ 57. Kd2 Kf2 58. Rc7 Rxa6 59. Rf7 f3 60. Kc3 Rd6 0-1

[Event "*** Titled Tuesday Blitz"]
[Site "Chess.com"]
[Date "2020.04.21"]
[Round "4"]
[White "Diego_FloresQ"]
[Black "annamaja"]
[Result "0-1"]
[WhiteElo "2416"]
[BlackElo "2227"]
[TimeControl "180+1"]
[EndTime "10:41:15 PDT"]
[Termination "annamaja won by checkmate"]

1. e4 c6 2. d4 d5 3. Nc3 dxe4 4. Nxe4 Bf5 5. Ng3 Bg6 6. h4 h6 7. Nf3 Nd7 8. Bd3 Bxd3 9. Qxd3 e6 10. Bd2 Ngf6 11.
Bc1 Bb4+ 12. c3 Bd6 13. Bd2 Qb6 14. O-O-O O-O-O 15. Ne4 Nxe4 16. Qxe4 Nf6 17. Qe2 c5 18. Be3 Qa5 19. Kb1 Nd5 20. dxc5 Bxc5 21. Qc4 Nxe3 22. fxe3 Qc7 23. e4 Bb6 24. Qxc7+ Bxc7 25. h5 Rxd1+ 26.
Rxd1 Rd8 27. Rxd8+ Kxd8 28. Kc2 Ke7 29. e5 f6 30. exf6+ Kxf6 31. g4 Bf4 32. Kd3 Bc1 33.
b3 Ke7 34. Ke4 Kd6 35. c4 Bb2 36. Ne1 Ke7 37. Nd3 Bc3 38. Ne5 Kf6 39. Nf3 b6 40. Kf4 Ke7 41. Ng1 Kd6 42. Ne2 Bd2+ 43. Ke4 Kc5 44. Nd4 Kb4 45. Nxe6 Bc3 46. Kd3 Bf6 47. Kc2 Ka3 48. Kb1 a5 49. Nc7 a4 50. bxa4 Kxa4 51. Nd5 Bd4 52. Kc2 Ka3 53. Kd3 Bc5 54. Nc3 Kb2 55.
Na4+ Kxa2 56. Nxc5 bxc5 57. Ke4 Kb3 58. Kd5 Kb4 59. Ke5 Kxc4 60. Kf5 Kd4 61. Kg6 c4 62. Kxg7 c3 63. Kxh6 c2 64. g5 c1=Q 65. Kg6 Qc6+ 66. Kh7 Ke5 67. g6 Qe4 68. h6 Kf6 69. Kh8 Kxg6 70.
h7 Qe8# 0-1

[Event "*** Titled Tuesday Blitz"]
[Site "Chess.com"]
[Date "2020.04.21"]
[Round "4"]
[White "Adham_Fawzy"]
[Black "GeorgMeier"]
[Result "1/2-1/2"]
[WhiteElo "2787"]
[BlackElo "3047"]
[TimeControl "180+1"]
[EndTime "10:41:16 PDT"]
[Termination "Game drawn by repetition"]

1. e4 e6 2. d4 d5 3. Nc3 dxe4 4. Nxe4 Nd7 5. Nf3 Ngf6 6. Bg5 h6 7. Bxf6 Nxf6 8. Bd3 Nxe4 9. Bxe4 c5 10. c3 cxd4 11.
Nxd4 Bc5 12. Qa4+ Bd7 13. Qb3 Rb8 14. Rd1 O-O 15. O-O Qb6 16. Qxb6 Bxb6 17. Nf3 Rfd8 18. Rd2 Ba4 19. b3 Rxd2 20. Nxd2 Bb5 21. Rd1 Rd8 22. Bf3 Ba5 23. b4 Bc7 24. c4 Ba4 25. Nb3 Rxd1+ 26. Bxd1 b6 27. Kf1 Bd6 28. a3 e5 29.
Ke2 Kf8 30. Bc2 Ke7 31. Nd4 Bxc2 32. Nxc2 Ke6 33. f3 f5 34. Kd3 h5 35. h3 g6 36. Ne3 Be7 37. Nd5 Bg5 38. Nc7+ Kd7 39. Nb5 a5 40. c5 bxc5 41. bxa5 Kc6 42. Kc4 e4 43. a6 exf3 44. gxf3 Be3 45. a4 Kb6 46. a7 Kb7 47. a5 Ka8 48. Nc7+ Kxa7 49. Nd5 Bd4 50. Ne7 g5 51. Nxf5 Bf2 52. Ng7 Ka6 53.
Nxh5 Kxa5 54. Nf6 Kb6 55. Ne4 Be3 56. Nc3 Kc6 57. Ne4 Kb6 58. Nf6 Kc6 59. Ng4 Bf4 60.
Nf2 Be3 61. Ne4 Kb6 1/2-1/2

[Event "*** Titled Tuesday Blitz"]
[Site "Chess.com"]
[Date "2020.04.21"]
[Round "4"]
[White "anushanlv"]
[Black "Gubajdullin"]
[Result "0-1"]
[WhiteElo "2194"]
[BlackElo "2428"]
[TimeControl "180+1"]
[EndTime "10:41:16 PDT"]
[Termination "Gubajdullin won by resignation"]

1. d4 Nf6 2. Nf3 g6 3. Bg5 Bg7 4. Nbd2 O-O 5. c3 d6 6. e4 b6 7. Bd3 Bb7 8. O-O e5 9. dxe5 dxe5 10. Nxe5 h6 11. Bxf6 Qxf6 12. Ndf3 Qe7 13. Nc4 Rd8 14. Qe2 Nd7 15. Rfe1 Nc5 16. Bc2 Ba6 17. e5 Qe6 18. b3 Bb7 19. Nd4 Qe8 20. Rad1 Ne6 21.
Nxe6 Qxe6 22. Be4 c6 23. f4 Ba6 24. Bd3 Bf8 25. Qf3 Qd5 26. Be4 Qc5+ 27. Kh1 Bxc4 28. bxc4 Qxc4 29. Bxc6 Rxd1 30. Rxd1 Rc8 31. Bd7 Rc7 32.
Rd3 Qxa2 33. h3 Qa1+ 34. Kh2 Qe1 35. Qg3 Qxg3+ 36. Kxg3 a5 37. e6 Bc5 38. Be8 fxe6 39. Bxg6 a4 40. Rd8+ Kg7 41. Bb1 Be7 42. Ra8 b5 43.
Ba2 Rxc3+ 44. Kg4 Re3 45. f5 Re4+ 46. Kf3 exf5 47. Ra5 Rb4 48. Be6 Kf6 49. Bd7 Rb3+ 50. Ke2 a3 51. Bxb5 Rb2+ 52. Kf3 Bb4 53. Bc4 Bxa5 0-1

[Event "*** Titled Tuesday Blitz"]
[Site "Chess.com"]
[Date "2020.04.21"]
[Round "4"]
[White "Anaj14"]
[Black "IMRosen"]
[Result "0-1"]
[WhiteElo "2237"]
[BlackElo "2473"]
[TimeControl "180+1"]
[EndTime "10:41:17 PDT"]
[Termination "IMRosen won by resignation"]

1. d4 d5 2. Nf3 Nf6 3. Bf4 c5 4. c3 Nc6 5. e3 Qb6 6. Qb3 c4 7. Qxb6 axb6 8. Nbd2 Bf5 9. a3 h6 10. h3 e6 11. Be2 b5 12. Rc1 Nd7 13. Bd1 Nb6 14.
O-O Na4 15. Bxa4 bxa4 16. Rfe1 Be7 17. e4 dxe4 18. Nxe4 O-O 19. Nd6 Bxd6 20. Bxd6 Rfd8 21. Bc5 b6 22. Bb4 Nxb4 23. cxb4 b5 24. Red1 Rd5 25. Ne5 Rad8 26. Nc6 R8d7 27. g4 Be4 28. f4 Kf8 29.
Kf2 R7d6 30. Na7 Ra6 31. Ke3 Bg2 32. Nxb5 Rxb5 33. Rxc4 Rb7 34. h4 Bd5 35. Rc5 Ke7 36.
f5 Rd6 37. fxe6 Rxe6+ 38. Kf4 Rd7 39. g5 Re4+ 40. Kg3 Re3+ 41. Kf2 Rf3+ 42. Ke2 Rf4 43.
gxh6 gxh6 44. Re1 Re4+ 45. Kd2 Rxe1 46. Kxe1 Kd6 47. Kd2 Re7 48. Kd3 Re4 49. Ra5 Rxh4 50. Rxa4 Rh3+ 51. Kd2 h5 52. Ra6+ Kd7 53. Rh6 Rh2+ 54.
Kc3 Rh3+ 55. Kc2 h4 56. b5 Rh2+ 57. Kc3 Rh3+ 58. Kc2 Rh2+ 59. Kc1 h3 60. b6 Rh1+ 61. Kd2 h2 62. b4 Kc8 63. a4 Kb7 64. a5 Ra1 65.
Rxh2 Ra2+ 66. Ke3 Rxh2 67. Kf4 f6 68. Kf5 Rf2+ 0-1

[Event "*** Titled Tuesday Blitz"]
[Site "Chess.com"]
[Date "2020.04.21"]
[Round "4"]
[White "ADODOVE"]
[Black "Spring199"]
[Result "0-1"]
[WhiteElo "1904"]
[BlackElo "2380"]
[TimeControl "180+1"]
[EndTime "10:41:17 PDT"]
[Termination "Spring199 won on time"]

1. e4 e5 2. Nf3 Nc6 3. d4 exd4 4. Bc4 Nf6 5. O-O d6 6. Nxd4 Be7 7. Nc3 O-O 8. Re1 Ne5 9. Bf1 Ng6 10. h3 c5 11.
Nde2 h6 12. Nf4 Nxf4 13. Bxf4 a6 14. e5 dxe5 15. Bxe5 Be6 16. Qxd8 Raxd8 17. Rad1 Rfe8 18. a4 Nd7 19. Bc7 Rc8 20. Bg3 Bf6 21. Rxe6 Rxe6 22.
Rxd7 Re1 23. Rxb7 Rd8 24. Rb8 Kh7 25. Rxd8 Bxd8 26. f3 Ra1 27. Kf2 a5 28. Bc4 Bf6 29. Bxf7 Bd4+ 30. Ke2 Rg1 31. Ne4 Rxg2+ 32. Bf2 Rh2 33. Be6 g5 34. c3 Be5 35. Nxc5 h5 36. b4 axb4 37. cxb4 Bd4 38. Ne4 Kg6 39. a5 Be5 40. b5 Rh1 41. a6 Ra1 42. Bc4 Bb8 43. b6 Ra4 44. a7 Bxa7 45. bxa7 Ra3 46. Bd5 g4 47. a8=Q gxf3+ 48. Kd2 Rxa8 49. Bxa8 Kf5 50. Ke3 Ke5 51. Kxf3 h4 52. Ng3 Kf6 0-1

[Event "*** Titled Tuesday Blitz"]
[Site "Chess.com"]
[Date "2020.04.21"]
[Round "4"]
[White "Sammed_Shete"]
[Black "Irishchessman16"]
[Result "0-1"]
[WhiteElo "2559"]
[BlackElo "2397"]
[TimeControl "180+1"]
[EndTime "10:41:18 PDT"]
[Termination "Irishchessman16 won by resignation"]

1. e4 c5 2. f4 d5 3. e5 Nc6 4. Nf3 Bg4 5. Bb5 e6 6. O-O h5 7. Bxc6+ bxc6 8. d3 Nh6 9. Nc3 Nf5 10. h3 Bxf3 11.
Qxf3 Be7 12. Nd1 Nd4 13. Qf2 Bh4 14. g3 Be7 15. h4 Qb6 16. Ne3 c4 17. dxc4 Bc5 18.
a4 Nxc2 19. Nxc2 Bxf2+ 20. Rxf2 a5 21. Ra3 O-O 22. Rc3 d4 23. Rd3 c5 24. b3 Qc6 25.
Re2 f6 26. Na3 fxe5 27. Rxe5 Rf5 28. Re1 Re8 29. Nb5 e5 30. Rdd1 e4 31. Bb2 Rf6 32.
Kh2 Rg6 33. Nxd4 cxd4 34. Bxd4 e3 35. f5 Rg4 36. Rxe3 Rxe3 37. Bxe3 Qf3 38. Rd8+ Kh7 39. Bf4 Qf2+ 40. Kh3 Qf1+ 41. Kh2 Rxf4 42. gxf4 Qxf4+ 43. Kg2 Qg4+ 44. Kf1 Qxf5+ 45. Ke2 Qe4+ 46. Kd2 Qxh4 47.
Rd3 Qf2+ 48. Kc3 h4 49. b4 Qf6+ 50. Kb3 Qf1 51. Rd2 Qb1+ 52. Rb2 Qd3+ 53. Ka2 Qxc4+ 54. Ka3 axb4+ 55. Rxb4 Qc1+ 56. Rb2 g5 57. a5 h3 58. a6 h2 59. a7 Qc5+ 60. Kb3 Qxa7 61. Rxh2+ Kg6 62. Ra2 Qb7+ 63. Kc4 Qf7+ 64. Kd4 Qxa2 65.
Ke5 g4 66. Kd6 0-1

[Event "*** Titled Tuesday Blitz"]
[Site "Chess.com"]
[Date "2020.04.21"]
[Round "4"]
[White "Alexander_Donchenko"]
[Black "stefan_95"]
[Result "1/2-1/2"]
[WhiteElo "2800"]
[BlackElo "2636"]
[TimeControl "180+1"]
[EndTime "10:41:19 PDT"]
[Termination "Game drawn by repetition"]

1. Nf3 Nf6 2. c4 e6 3. g3 d5 4.
Bg2 Be7 5. O-O O-O 6. d4 dxc4 7. Qc2 b6 8. Bg5 Nd5 9. Bxe7 Qxe7 10. Nbd2 Bb7 11.
Nxc4 Nd7 12. a3 c5 13. e4 N5f6 14. e5 Nd5 15. Nd6 Ba6 16. Rfd1 cxd4 17. Qe4 Rad8 18. Nxd4 Nxe5 19. Qxe5 Qxd6 20. Qxd6 Rxd6 21. Rac1 Rd7 22. Bxd5 exd5 23. Re1 h6 24. f4 Bd3 25. Kf2 Be4 26. Rc3 Re8 27. h4 f6 28. Rec1 Kf7 29. Rc7 Ree7 30.
Rc8 Re8 31. R8c7 Rxc7 32. Rxc7+ Re7 33. Rxe7+ Kxe7 34. b4 a6 35. Ke3 Kd6 36. Kf2 g5 37.
hxg5 hxg5 38. Ke3 a5 39. Kf2 axb4 40. axb4 Ke7 41. Nc6+ Kd6 42. Nd4 Ke7 43. Nc6+ Ke6 44. Nd4+ Kf7 45. Ke3 Kg6 46. Ne6 Kf5 47. Nd4+ Kg4 48.
fxg5 Kxg5 49. Ne6+ Kg4 50. Kf2 f5 51. Nd4 f4 52. gxf4 Kxf4 53. Ne2+ Ke5 54. Ke3 Bg6 55. Nd4 Bh5 56. Nc6+ Kd6 57. Nd4 Bg6 58. Nf3 Be4 59.
Nd4 Bb1 60. Nf3 Kc6 61. Kd4 Be4 62. Nd2 Kb5 63. Kc3 Bg2 64. Nb3 Be4 65. Nd4+ Ka4 66.
Nc6 Bg2 67. Nd4 Be4 68. Nc6 Ka3 69. Nd4 Ka4 1/2-1/2

[Event "*** Titled Tuesday Blitz"]
[Site "Chess.com"]
[Date "2020.04.21"]
[Round "4"]
[White "DanielDardha2005"]
[Black "Nitzan_Steinberg"]
[Result "1-0"]
[WhiteElo "2577"]
[BlackElo "2825"]
[TimeControl "180+1"]
[EndTime "10:41:19 PDT"]
[Termination "DanielDardha2005 won by resignation"]

1. e4 c5 2. Nc3 d6 3. Nge2 a6 4. g3 g6 5. d4 cxd4 6. Nxd4 Bg7 7. Bg2 Nf6 8. O-O O-O 9. a4 Bd7 10. Nd5 Nc6 11. Ne2 Rc8 12. Be3 Nxd5 13. exd5 Ne5 14. Bd4 Bf5 15. c3 h5 16. f4 Ng4 17. Bxg7 Kxg7 18. Qd4+ Nf6 19. a5 Qd7 20.
Rfe1 h4 21. c4 Rh8 22. Nc3 hxg3 23. hxg3 Bh3 24. Bf3 Bg4 25. Bg2 Rce8 26. Re3 Qf5 27. Rae1 Qh5 28. Kf2 Kf8 29. Rh1 Qxh1 30. Bxh1 Rxh1 31.
Kg2 Rh5 32. Ne4 Bh3+ 33. Kf3 Nxe4 34. Rxe4 Bf5 35. Re1 f6 36. g4 Rh3+ 37. Kg2 Bxg4 38. Rh1 Rxh1 39. Kxh1 Kf7 40. Qb6 Bc8 41. b4 Rh8+ 42.
Kg2 Rh4 43. Kg3 Rh3+ 44. Kf2 Rc3 45. c5 dxc5 46. bxc5 Rc4 47. d6 g5 48. Qc7 Bf5 49.
Qxe7+ Kg6 50. fxg5 Rc2+ 51. Ke3 Rc3+ 52. Kd4 Rd3+ 53. Kc4 Kxg5 54. Qxb7 Re3 55. Qg7+ Kf4 56. Qh6+ Ke4 57. Qxe3+ Kxe3 58. c6 Be6+ 59. Kc5 Ke4 60. d7 Bxd7 61. cxd7 f5 62. d8=Q f4 63. Qe8+ Kd3 64.
Qc6 f3 65. Qxa6+ Ke3 66. Qf1 f2 67. a6 1-0

[Event "*** Titled Tuesday Blitz"]
[Site "Chess.com"]
[Date "2020.04.21"]
[Round "4"]
[White "raviteja81293"]
[Black "Grandmaster2B"]
[Result "1-0"]
[WhiteElo "2777"]
[BlackElo "2535"]
[TimeControl "180+1"]
[EndTime "10:41:20 PDT"]
[Termination "raviteja81293 won by resignation"]

1. d4 Nf6 2. Nf3 e6 3. e3 b6 4. Bd3 Bb7 5. O-O c5 6. c4 cxd4 7. exd4 d5 8. Nc3 Be7 9. cxd5 Nxd5 10. Ne5 O-O 11. Qg4 Nf6 12. Qh4 Ne4 13. Qh3 Qxd4 14. Nxf7 Rxf7 15. Bxe4 Bxe4 16. Qg4 Nd7 17. Qxe4 Qxe4 18.
Nxe4 h6 19. Bd2 Nc5 20. Rae1 Nd3 21. Rb1 Rd8 22. Be3 Bf8 23. Rfd1 Rfd7 24. Kf1 Ne5 25. Rxd7 Rxd7 26. Ke2 Nc4 27. Bf4 Rd4 28. f3 e5 29. Bg3 Rd5 30. b3 Nd6 31. Nc3 Rc5 32. Kd3 Nb5 33. Nxb5 Rxb5 34. Bf2 Bd6 35. Ke4 Kf7 36. Be1 Ke6 37. Rd1 Be7 38. Rc1 Rc5 39. Rxc5 Bxc5 40. Bc3 Bd6 41. g4 g6 42. h3 h5 43. a4 a6 44. Bd2 b5 45. Be3 hxg4 46. fxg4 bxa4 47. bxa4 Bc7 48. Bc5 Bb8 49. Bb4 Bc7 50. h4 Bd8 51. Be1 Be7 52. Bg3 Bd8 53. h5 gxh5 54. gxh5 Bf6 55. Bf2 Bg5 56. Be3 Bxe3 57.
Kxe3 Kf5 58. a5 e4 59. h6 Kg6 60. Kxe4 Kxh6 61. Kd5 Kg6 62. Kc6 Kf5 63. Kb6 Ke6 64. Kxa6 Kd7 65. Kb7 1-0

[Event "*** Titled Tuesday Blitz"]
[Site "Chess.com"]
[Date "2020.04.21"]
[Round "4"]
[White "johnathan113"]
[Black "DejanNestor64"]
[Result "0-1"]
[WhiteElo "2604"]
[BlackElo "2411"]
[TimeControl "180+1"]
[EndTime "10:41:20 PDT"]
[Termination "DejanNestor64 won on time"]

1. d4 Nf6 2. Nc3 d5 3. Bf4 Bf5 4. f3 e6 5. g4 Bg6 6. h4 h6 7. e3 Bd6 8. h5 Bh7 9. Bd3 Bxd3 10. Qxd3 Bxf4 11. exf4 Qd6 12. Qe3 Nbd7 13. Nh3 O-O-O 14. O-O-O Kb8 15. Nf2 c5 16. Nd3 cxd4 17. Qxd4 a6 18. Ne5 Qe7 19. Rhe1 Nxe5 20. Qxe5+ Qc7 21. f5 Rhe8 22.
fxe6 Rxe6 23. Qxc7+ Kxc7 24. Kd2 Kd6 25. Ne2 Rde8 26. c3 g6 27. hxg6 fxg6 28. Nd4 Rxe1 29. Rxe1 Rxe1 30. Kxe1 Ke5 31. Kf2 h5 32. g5 Nd7 33. Ke3 Nb6 34. b3 Nc8 35. f4+ Kd6 36. Nf3 Ne7 37. Ne5 Ke6 38. Kd4 Kf5 39. Kc5 h4 40.
Kd6 h3 41. Nf3 Kxf4 42. Nh2 Nf5+ 43. Kxd5 Nh4 44. Kc5 Nf3 45. Nf1 Nxg5 46. Kb6 Nf3 47.
c4 g5 48. c5 g4 49. Kxb7 Nd4 50. b4 g3 51. b5 axb5 52. c6 Nxc6 0-1